 Dungeon Crawl Stone Soup version 0.31.0-1-g2c135a008e (webtiles) character file.

Game seed: 124411203277667638

3391 qw the Skirmisher (level 10, -5/72 HPs)
             Began as a Djinni Hunter on Jan 24, 2024.
             Was a Priest of Okawaru.
             Slain by a death yak (22 damage)
             ... on level 7 of the Dungeon.
             The game lasted 00:00:23 (5297 turns).

qw the Skirmisher (Djinni Hunter)                   Turns: 5297, Time: 00:00:24

Health: -5/72      AC:  8    Str: 10    XL:     10   Next: 24%
Gold:   130        EV: 17    Int: 12    God:    Okawaru [***...] SH:  0 Dex: 20

rFire   + + .        c - +6 longbow (flame)
rCold   x . .        (shield currently unavailable)
rNeg    . . .        n - +1 steam dragon scales
rPois   inf          (no helmet)
rElec   .            (no cloak)
rCorr   .            i - +1 pair of gloves
SInv    +            (boots unavailable)
Will    ++...        f - amulet of regeneration
Stlth   ++           l - ring of willpower
HPRegen 1.12/turn    j - ring of see invisible
MPRegen 0.00/turn

%: infuse magic (-6 HP)
@: about to teleport, flying
A: sickness immunity, fire resistance 2, cold vulnerability 1, float, innate
caster, HP casting, extra vitality 1
a: Renounce Religion, Heroism


You were on level 7 of the Dungeon.
You worshipped Okawaru.
Okawaru was most pleased with you.
You visited 2 branches of the dungeon, and saw 9 of its levels.

You collected 295 gold pieces.
You spent 165 gold pieces at shops.


Innate Abilities, Weirdness & Mutations

You are immune to sickness and miasma.
You are immune to poison.
Your flesh is very heat resistant. (rF++)
You are vulnerable to cold. (rC-)
You float through the air rather than walking.
You learn spells naturally, not from books.
Your magical power is your life essence.
You have superior vitality. (+4 MHP)


   Skills:
 - Level 6.0 Fighting
 + Level 8.4 Ranged Weapons
 - Level 3.5 Armour
 - Level 7.6 Dodging
 - Level 0.7 Stealth
 - Level 4.0 Invocations


You knew the following spells:

 Your Spells              Type           Power      Damage    Failure   Level
a - Foxfire               Conj/Fire      0%         2x1d4     32%         1
b - Call Imp              Summ           0%         N/A       45%         2
c - Static Discharge      Conj/Air       0%         3-3/arc   45%         2
d - Call Canine Familiar  Summ           0%         N/A       69%         3
Your spell library was empty.

Inventory:

Hand Weapons
 c - a +6 longbow of flaming (weapon)
Armour
 i - a +1 pair of gloves (worn)
 n - +1 steam dragon scales (worn)
Jewellery
 f - an amulet of regeneration (around neck)
 j - a ring of see invisible (right hand)
 l - a ring of willpower (left hand)
 o - a ring of ice
Wands
 h - a wand of iceblast (15)
 m - a wand of polymorph (4)
 r - a wand of light (14)
Scrolls
 a - 2 scrolls of teleportation
Potions
 d - 4 potions of might
 e - 2 potions of enlightenment
 g - 4 potions of curing
 k - a potion of ambrosia {unknown}
 p - a potion of resistance {unknown}

Dungeon Overview and Level Annotations

Branches:
Dungeon (8/15)             Temple (1/1) D:4
   Lair: D:8-11

Altars:
Dithmenos
Elyvilon
Fedhas
Gozag
Hepliaklqana
Nemelex Xobeh
Okawaru
Qazlal
Ru
Trog
Uskayaw
Wu Jian
Xom
Yredelemnul

Shops:
D:2 [   D:5 =

Annotations:
D:4 3 runed translucent doors, qw's ghost, amateur DjHu; qw's ghost, novice DjHu
D:5 3 runed translucent doors, qw's ghost, novice DjHu


Message History

There is a stone staircase leading down here.
You shoot an arrow. The arrow hits the death yak!!
The arrow burns the death yak.
You kill the death yak!
Okawaru is honoured by your kill.
Your base Dodging skill gained 2 levels and is now at level 7!
You start resting.
HP restored.
Done exploring.
What level of the Dungeon? (default 8, ? - help)
You fly downwards.
The death yak gores you!
A rat comes into view.
There is a stone staircase leading up here.
5289 ||| STAIRDANCE The death yak gores you!
You fly upwards.
There is a stone staircase leading down here.
You shoot an arrow. The arrow hits the death yak.
The arrow burns the death yak.
The death yak is lightly wounded.
The death yak barely misses you.
You shoot an arrow. The arrow hits the death yak!!
The arrow burns the death yak!
The death yak is moderately wounded.
The death yak gores you but does no damage.
You shoot an arrow. The arrow hits the death yak!
The arrow burns the death yak.
The death yak is severely wounded.
The death yak gores you!!
You shoot an arrow. The arrow barely misses the death yak.
The death yak barely misses you.
You shoot an arrow. The arrow barely misses the death yak.
You feel like a meek peon again. The death yak gores you!
5296 ||| READING 3 scrolls of teleportation.
As you read the scroll of teleportation, it crumbles to dust.
You feel strangely unstable. The death yak closely misses you.
You shoot an arrow. The arrow hits the death yak!
The arrow burns the death yak.
The death yak is almost dead.
The death yak gores you!!
You die...

#.....###'###'#.........
#.....#.........####.###
#.....#.........#.......
#.....#.........#.##.##.
#.....#.........#.#...#.
##....#....##......._...
#....#....####.#.#...#.
#....+.........#.##.##.
#....#@Y.......#.......
#....###+#####.####.###
###'####..#............
#........#.......#....
#........#.......#....
#........#.......#....
##...(....#.......#....
#...#######.......#'###
###..?.................


You could see a death yak.

Vanquished Creatures
  A death yak (D:7)
  Maggie (D:7)
  Grinder (D:5)
  Prince Ribbit (D:6)
  Menkaure (D:7)
  A water moccasin (D:6)
  3 black bears
  An ice beast (D:7)
  A sky beast (D:7)
  An orc warrior (D:7)
  3 centaurs
  3 phantoms
  A kobold brigand (D:7)
  2 bullfrogs
  2 scorpions
  2 howler monkeys (D:6)
  4 bombardier beetles
  2 hounds
  3 jellies
  An orc priest (D:8)
  A sleepcap (D:5)
  An iguana (D:6)
  2 orc wizards
  6 adders
  An ufetubus (D:6)
  2 dart slugs
  A ribbon worm (D:3)
  10 orcs
  5 ball pythons
  13 endoplasms
  A giant cockroach (D:2)
  6 goblins
  6 hobgoblins
  3 quokkas
  6 bats
  5 frilled lizards
  9 kobolds
  6 rats
119 creatures vanquished.

Notes
Turn   | Place    | Note
-------+----------+-------------------------------------------
     0 | D:1      | qw the Djinni Hunter began the quest for the Orb.
     0 | D:1      | Reached XP level 1. HP: 18/18 MP: 0/0
     0 | D:1      | 0 ||| qw: Version: 0.3-a-136-gdd3b4e8
     0 | D:1      | 0 ||| qw: Game counter: 1438
     0 | D:1      | 0 ||| qw: Melee chars always use a shield: true
     0 | D:1      | 0 ||| qw: God list: Okawaru
     0 | D:1      | 0 ||| qw: Allow faded altars: false
     0 | D:1      | 0 ||| qw: Do Orc after clearing Dungeon:15 true
     0 | D:1      | 0 ||| qw: Do second Lair branch before Depths: true
     0 | D:1      | 0 ||| qw: Lair rune preference: random
     0 | D:1      | 0 ||| qw: Goals: Normal
     0 | D:1      | 0 ||| PLANNING D:1-11
   182 | D:1      | Reached XP level 2. HP: 21/23 MP: 0/0
   531 | D:1      | Reached skill level 4 in Ranged Weapons
   531 | D:1      | Reached XP level 3. HP: 28/28 MP: 0/0
   531 | D:1      | Learned a level 1 spell: Foxfire
   892 | D:1      | 892 ||| READING scroll labelled CEBRIAT XONYPEI.
   893 | D:1      | 893 ||| READING scroll labelled VELOTU GADEN.
   893 | D:1      | 893 ||| IDENTIFYING golden potion
   894 | D:1      | 894 ||| DROPPING scroll of butterflies.
  1039 | D:2      | Found Lik Lilu's Antique Armour Shop.
  1046 | D:2      | 1046 ||| SHOPLISTING ichor-stained leather armour (112
                  | gold, have 40).
  1046 | D:2      | 1046 ||| SHOPLISTING ring mail (64 gold, have 40).
  1243 | D:2      | 1243 ||| FLEEEEING.
  1244 | D:2      | 1244 ||| FLEEEEING.
  1245 | D:2      | 1245 ||| FLEEEEING.
  1246 | D:2      | 1246 ||| FLEEEEING.
  1388 | D:2      | Noticed a shining eye
  1389 | D:2      | Found a faded altar of an unknown god.
  1393 | D:2      | Noticed a glass eye
  1393 | D:2      | Noticed a shining eye
  1393 | D:2      | Noticed a great orb of eyes
  1544 | D:2      | Reached skill level 3 in Fighting
  1544 | D:2      | Reached XP level 4. HP: 35/35 MP: 0/0
  1695 | D:2      | 1695 ||| UPGRADING to +0 ring mail.
  1705 | D:2      | 1705 ||| DROPPING +0 leather armour.
  1706 | D:2      | 1706 ||| READING scroll of identify.
  1706 | D:2      | 1706 ||| IDENTIFYING puce potion
  1707 | D:2      | 1707 ||| READING scroll labelled OGAEDD XAAROBA.
  1808 | D:2      | 1808 ||| READING scroll labelled SUIL VAYBBOTRE.
  1808 | D:2      | Identified a scroll of acquirement
  1808 | D:2      | 1808 ||| ACQUIRING +4 longbow of freezing
  1808 | D:2      | Acquired a +4 longbow of freezing
  1810 | D:2      | 1810 ||| SWAPPING to +4 longbow of freezing.
  1811 | D:2      | 1811 ||| DROPPING +0 shortbow.
  1812 | D:2      | 1812 ||| DRINKING 3 red potions.
  1882 | D:3      | Reached skill level 1 in Armour
  1983 | D:3      | Reached XP level 5. HP: 40/40 MP: 0/0
  1983 | D:3      | Learned a level 2 spell: Call Imp
  2044 | D:3      | Reached skill level 5 in Ranged Weapons
  2044 | D:3      | Reached XP level 6. HP: 46/46 MP: 0/0
  2296 | D:3      | 2296 ||| READING 2 scrolls labelled FUC OTOWUPIS.
  2301 | D:3      | 2301 ||| READING scroll labelled WITUZI FEOST.
  2301 | D:3      | 2301 ||| ENCHANTING +0 ring mail.
  2302 | D:3      | 2302 ||| READING scroll labelled CUTWUUCSAE.
  2302 | D:3      | 2302 ||| BRANDING +4 longbow of freezing.
  2351 | D:4      | Reached skill level 3 in Dodging
  2399 | D:4      | Found a runed translucent gate.
  2399 | D:4      | Found a runed translucent gate.
  2399 | D:4      | Found a runed translucent gate.
  2404 | D:4      | Noticed qw's ghost (novice DjHu)
  2404 | D:4      | Noticed qw's ghost (amateur DjHu)
  2518 | D:4      | Reached XP level 7. HP: 53/53 MP: 0/0
  2518 | D:4      | Learned a level 2 spell: Static Discharge
  2626 | D:4      | Found a staircase to the Ecumenical Temple.
  2627 | D:4      | 2627 ||| PLANNING TEMPLE
  2627 | D:4      | 2627 ||| UPGRADING to +0 pair of gloves.
  2632 | D:4      | 2632 ||| UPGRADING to ring of willpower.
  2633 | D:4      | 2633 ||| READING scroll of identify.
  2633 | D:4      | 2633 ||| IDENTIFYING coppery potion
  2634 | D:4      | 2634 ||| READING scroll labelled HEIP BUFAAH.
  2635 | D:4      | 2635 ||| DRINKING 3 bubbling purple potions.
  2636 | D:4      | 2636 ||| DROPPING potion of brilliance.
  2637 | D:4      | 2637 ||| DROPPING 2 potions of degeneration.
  2645 | Temple   | Entered the Ecumenical Temple
  2646 | Temple   | 2646 ||| PLANNING OKAWARU WORSHIP
  2658 | Temple   | Became a worshipper of Warmaster Okawaru
  2659 | Temple   | 2659 ||| PLANNING D:1-11
  2753 | D:4      | 2753 ||| UPGRADING to amulet of regeneration.
  2771 | D:5      | Entered Level 5 of the Dungeon
  2791 | D:5      | 2791 ||| STAIRDANCE
  2817 | D:4      | 2817 ||| READING scroll labelled WANYNINULUE.
  2990 | D:5      | Found Monan's Jewellery Shoppe.
  2998 | D:5      | 2998 ||| SHOPLISTING +6 ring of dexterity (396 gold, have
                  | 189).
  2998 | D:5      | 2998 ||| SHOPLISTING ring of protection from cold (275
                  | gold, have 189).
  2998 | D:5      | 2998 ||| BUYING ring of see invisible (165 gold).
  2998 | D:5      | Bought a ring of see invisible for 165 gold pieces
  2998 | D:5      | 2998 ||| SHOPLISTING ring of willpower (275 gold, have 24).
  3095 | D:5      | Noticed Grinder
  3096 | D:5      | 3096 ||| RETREEEEATING.
  3100 | D:5      | Reached skill level 6 in Ranged Weapons
  3115 | D:5      | Killed Grinder
  3115 | D:5      | Reached * piety under Okawaru
  3116 | D:5      | Reached skill level 3 in Armour
  3116 | D:5      | Reached XP level 8. HP: 58/58 MP: 0/0
  3136 | D:5      | Reached skill level 1 in Invocations
  3214 | D:5      | Found a runed translucent gate.
  3214 | D:5      | Found a runed translucent gate.
  3214 | D:5      | Found a runed translucent gate.
  3219 | D:5      | Noticed qw's ghost (novice DjHu)
  3519 | D:5      | 3519 ||| UPGRADING to ring of see invisible.
  3520 | D:5      | 3520 ||| READING 2 scrolls of identify.
  3520 | D:5      | 3520 ||| IDENTIFYING scroll labelled RIDIZX NEWE
  3521 | D:5      | 3521 ||| READING scroll of enchant weapon.
  3521 | D:5      | 3521 ||| ENCHANTING +4 longbow of flaming.
  3642 | D:6      | Noticed Prince Ribbit
  3643 | D:6      | 3643 ||| INVOKING Heroism.
  3647 | D:6      | Killed Prince Ribbit
  3648 | D:6      | Reached skill level 7 in Ranged Weapons
  3648 | D:6      | Reached skill level 3 in Invocations
  3697 | D:6      | Reached ** piety under Okawaru
  3698 | D:6      | Reached XP level 9. HP: 39/63 MP: 0/0
  3698 | D:6      | Learned a level 3 spell: Call Canine Familiar
  3943 | D:6      | 3943 ||| READING scroll of enchant armour.
  3943 | D:6      | 3943 ||| ENCHANTING +0 pair of gloves.
  4230 | D:6      | 4230 ||| READING 2 scrolls of identify.
  4230 | D:6      | 4230 ||| IDENTIFYING scroll labelled EJYCUFARON
  4231 | D:6      | 4231 ||| READING scroll of identify.
  4231 | D:6      | 4231 ||| IDENTIFYING scroll labelled TERCHA HUHORA
  4232 | D:6      | 4232 ||| DROPPING scroll of immolation.
  4233 | D:6      | 4233 ||| DROPPING scroll of blinking.
  4452 | D:7      | Noticed Maggie
  4453 | D:7      | 4453 ||| INVOKING Heroism.
  4462 | D:7      | Killed Maggie
  4463 | D:7      | Reached skill level 8 in Ranged Weapons
  4550 | D:7      | Reached *** piety under Okawaru
  4568 | D:7      | Noticed Menkaure
  4574 | D:7      | 4574 ||| INVOKING Heroism.
  4575 | D:7      | Killed Menkaure
  4690 | D:7      | 4690 ||| READING scroll of enchant weapon.
  4690 | D:7      | 4690 ||| ENCHANTING +5 longbow of flaming.
  4995 | D:7      | Reached skill level 6 in Fighting
  5003 | D:7      | Reached XP level 10. HP: 35/72 MP: 0/0
  5145 | D:7      | 5145 ||| UPGRADING to +1 steam dragon scales.
  5155 | D:7      | 5155 ||| DROPPING +1 ring mail.
  5156 | D:7      | 5156 ||| READING scroll labelled JADWOTTORCH.
  5271 | D:8      | Noticed a death yak
  5272 | D:8      | 5272 ||| INVOKING Heroism.
  5273 | D:8      | Noticed a death yak
  5278 | D:8      | 5278 ||| STAIRDANCE
  5280 | D:7      | Killed a death yak
  5289 | D:8      | 5289 ||| STAIRDANCE
  5295 | D:7      | HP: 15/72 [death yak (16)]
  5296 | D:7      | 5296 ||| READING 3 scrolls of teleportation.
  5297 | D:7      | Slain by a death yak

Levels and vault maps discovered:
D:1:      wander_arrival_lonely_grave, layout_basic
D:2:      layout_loops_corners, hellmonk_ecumenical_altar_watching_god,
          serial_shops, nicolae_shop_overgrown_old_shop
D:3:      layout_rooms
D:4:      layout_rooms, minmay_temple_entry_mist, gammafunk_ghost_cemetery,
          nicolae_underground_beach
D:5:      layout_loops_ring, serial_shops, nicolae_shop_peninsula,
          gammafunk_ghost_necromancy, uniq_grinder
D:6:      layout_gridville, uniq_prince_ribbit1
D:7:      layout_gridville, nicolae_overflow_crystal_walls,
          mainiacjoe_overflow_24_doors, uniq_maggie, uniq_menkaure
D:8:      layout_cave_pools, grunt_temple_overflow_lords_of_destruction,
          lemuel_round_altar, gammafunk_temple_overflow_claw,
          dpeg_lair_monsters, serial_shops, shop
Temple:   nicolae_temple_superstar

Skill      XL: |  1  2  3  4  5  6  7  8  9 10 |
---------------+-------------------------------+-----
Ranged Weapons | 4 5 6 7 8 |  8.4
Fighting       | 3 4 6 |  6.0
Armour         | 1 3 |  3.5
Dodging        | 3 5 7 |  7.6
Invocations    | 3 4 |  4.0
Stealth        | |  0.7

Action                     |  1- 3 |  4- 6 |  7- 9 | 10-12 || total
---------------------------+-------+-------+-------+-------++-------
   Fire: Shortbow          |    99 |       |       |       ||    99
         Longbow           |       |    39 |   155 |    12 ||   206
 Invoke: Heroism           |       |       |     3 |     1 ||     4
    Use: Scroll            |     2 |     6 |     9 |     2 ||    19
         Potion            |       |     1 |     1 |       ||     2
 Armour: Leather armour    |    29 |       |       |       ||    29
         Ring mail         |       |     1 |    64 |       ||    65
         Steam dragon scal |       |       |       |     8 ||     8
  Dodge: Dodged            |    22 |     2 |    59 |     4 ||    87

Table legend:
 A = Non-vault XP
 B = Vault XP
 C = Vault XP percentage of total XP
 D = Non-vault monster count
 E = Vault monster count
 F = Vault count percentage of total count
                 A         B        C        D         E       F
            +---------+---------+-------+---------+---------+-------
      Total |    2919 |    1926 |  39.8 |     114 |       5 |   4.2
            +---------+---------+-------+---------+---------+-------
        D:1 |      41 |       0 |   0.0 |      26 |       0 |   0.0
        D:2 |      33 |       0 |   0.0 |      13 |       0 |   0.0
        D:3 |     246 |       0 |   0.0 |      14 |       0 |   0.0
        D:4 |     205 |       0 |   0.0 |      12 |       0 |   0.0
        D:5 |     514 |     281 |  35.3 |      12 |       1 |   7.7
        D:6 |     814 |     274 |  25.2 |      17 |       1 |   5.6
        D:7 |    1025 |    1371 |  57.2 |      19 |       3 |  13.6
        D:8 |      41 |       0 |   0.0 |       1 |       0 |   0.0
            +---------+---------+-------+---------+---------+-------
